3AA
OTTAWA NATIONALS @ BATTLE GROUND AEROS
07/20/2022
 
TOP OF THE 1ST
Ottawa Nationals batting - Pitching for Battle Ground Aeros : LHP Ryan McCall
Pitching: LHP Ryan McCall
Batting: RHB Francisco Morales 0-0: Bunt missed!
0-1: Foul Ball, location: 2F
0-2: Foul Ball, location: 2F
0-2: Fly out, F7 (Line Drive, 78M)
Batting: RHB Noel Wells 0-0: Foul Ball, location: 2F
0-1: Ball
1-1: Ball
2-1: Ball
3-1: Base on Balls
Batting: LHB Tony Ríos 0-0: Ball
1-0: Ball
2-0: Called Strike
2-1: Fly out, F9 (Flyball, 9M)
Batting: RHB Rodrigo Pagán 0-0: Foul Ball, location: 2F
0-1: Fly out, F4 (Popup, 4MS)
Top of the 1st over - 0 run(s), 0 hit(s), 0 error(s), 1 left on base; Ottawa 0 - Battle Ground 0
BOTTOM OF THE 1ST
Battle Ground Aeros batting - Pitching for Ottawa Nationals : RHP Aurélien Godet
Pitching: RHP Aurélien Godet
Batting: SHB Shawn Sánchez 0-0: Foul Ball, location: 2F
0-1: Foul Ball, location: 2F
0-2: Ball
1-2: SINGLE (Line Drive, 78S)
Batting: RHB Stephen Johnson 0-0: Ball
Shawn Sánchez is caught stealing 2nd base
1-0: Ground out 5-3 (Groundball, 56)
Batting: LHB Jim Unknown 0-0: Ball
1-0: Called Strike
1-1: Ball
2-1: Ball
3-1: Swinging Strike
3-2: Foul Ball, location: 2F
3-2: Strikes out swinging
Bottom of the 1st over - 0 run(s), 1 hit(s), 0 error(s), 0 left on base; Ottawa 0 - Battle Ground 0
TOP OF THE 2ND
Ottawa Nationals batting - Pitching for Battle Ground Aeros : LHP Ryan McCall
Batting: LHB Jerry Burnett 0-0: Ball
1-0: Ball
2-0: Ball
3-0: Called Strike
3-1: Base on Balls
Batting: RHB José Icaza 0-0: Ball
1-0: Ball
2-0: Called Strike
2-1: Ground out 3-1 (Groundball, 34S)
Jerry Burnett to second
Batting: RHB Luke Turner 0-0: Foul Ball, location: 2F
0-1: Ball
1-1: SINGLE (Flyball, 7M)
Jerry Burnett to third
Batting: RHB Dan Curtis 0-0: Fly out, F8 (Flyball, 8LS)
Batting: LHB Javier Hernández 0-0: Ball
1-0: Foul Ball, location: 2F
1-1: Ball
2-1: Foul Ball, location: 2F
2-2: Ball
3-2: Fly out, F7 (Flyball, 7S)
Top of the 2nd over - 0 run(s), 1 hit(s), 0 error(s), 2 left on base; Ottawa 0 - Battle Ground 0
BOTTOM OF THE 2ND
Battle Ground Aeros batting - Pitching for Ottawa Nationals : RHP Aurélien Godet
Batting: LHB Edgardo Téllez 0-0: DOUBLE (Line Drive, 78D)
Batting: RHB Jaime Chavarriaga 0-0: Ball
1-0: Ball
2-0: Foul Ball, location: 2F
2-1: Foul Ball, location: 2F
2-2: Foul Ball, location: 2F
2-2: Strikes out swinging
Batting: LHB Jim Unknown 0-0: Called Strike
0-1: Ball
1-1: Foul Ball, location: 2F
1-2: Foul Ball, location: 2F
1-2: Ball
2-2: DOUBLE (Groundball, 3L)
Edgardo Téllez scores
Batting: RHB Jim Unknown 0-0: Ball
1-0: Ball
2-0: Ball
3-0: Called Strike
3-1: Base on Balls
Batting: RHB Daniel Cooper 0-0: Ball
1-0: Swinging Strike
1-1: Called Strike
Jim Unknown is caught stealing 3rd base
Jim Unknown to second
1-2: Foul Ball, location: 2F
1-2: Fly out, F9 (Line Drive, 9M)
Bottom of the 2nd over - 1 run(s), 2 hit(s), 0 error(s), 1 left on base; Ottawa 0 - Battle Ground 1
TOP OF THE 3RD
Ottawa Nationals batting - Pitching for Battle Ground Aeros : LHP Ryan McCall
Batting: RHB Francisco Morales 0-0: Foul Ball, location: 2F
0-1: Ball
1-1: Called Strike
1-2: Foul Ball, location: 2F
1-2: Ball
2-2: Strikes out swinging
Batting: RHB Noel Wells 0-0: Called Strike
0-1: Swinging Strike
0-2: Ball
1-2: Foul Ball, location: 2F
1-2: Strikes out swinging
Batting: LHB Tony Ríos 0-0: SINGLE (Groundball, 3D)
Batting: RHB Rodrigo Pagán 0-0: Ball
1-0: Foul Ball, location: 2F
1-1: Ball
2-1: Ball
3-1: Ground out 6-3 (Groundball, 6)
Top of the 3rd over - 0 run(s), 1 hit(s), 0 error(s), 1 left on base; Ottawa 0 - Battle Ground 1
BOTTOM OF THE 3RD
Battle Ground Aeros batting - Pitching for Ottawa Nationals : RHP Aurélien Godet
Batting: RHB Jim Unknown 0-0: Ball
1-0: Ball
2-0: Swinging Strike
2-1: Foul Ball, location: 2F
2-2: Ball
3-2: Strikes out looking
Batting: SHB Shawn Sánchez 0-0: Foul Ball, location: 2F
0-1: Foul Ball, location: 2F
0-2: Ball
1-2: Foul Ball, location: 2F
1-2: Ball
2-2: Ground out U3 (Groundball, 3)
Batting: RHB Stephen Johnson 0-0: Called Strike
0-1: Ball
1-1: Ball
2-1: Swinging Strike
2-2: SINGLE (Line Drive, 6M)
Batting: LHB Jim Unknown 0-0: Called Strike
Stephen Johnson is caught stealing 2nd base
Bottom of the 3rd over - 0 run(s), 1 hit(s), 0 error(s), 0 left on base; Ottawa 0 - Battle Ground 1
TOP OF THE 4TH
Ottawa Nationals batting - Pitching for Battle Ground Aeros : LHP Ryan McCall
Batting: LHB Jerry Burnett 0-0: Called Strike
0-1: Swinging Strike
0-2: Strikes out looking
Batting: RHB José Icaza 0-0: Ball
1-0: Foul Ball, location: 2F
1-1: Fly out, F8 (Flyball, 8LM)
Batting: RHB Luke Turner 0-0: Ball
1-0: Foul Ball, location: 2F
1-1: TRIPLE (Flyball, 8LXD)
Batting: RHB Dan Curtis 0-0: Ball
1-0: Reached on Error, E8 (Flyball, 89M)
Luke Turner scores
Batting: LHB Javier Hernández 0-0: Foul Ball, location: 2F
0-1: Swinging Strike
0-2: Ground out 4-3 (Groundball, 4)
Top of the 4th over - 1 run(s), 1 hit(s), 1 error(s), 1 left on base; Ottawa 1 - Battle Ground 1
BOTTOM OF THE 4TH
Battle Ground Aeros batting - Pitching for Ottawa Nationals : RHP Aurélien Godet
Batting: LHB Jim Unknown 0-0: Foul Ball, location: 2F
0-1: Ball
1-1: Called Strike
1-2: Strikes out swinging, 2-3 out at first.
Batting: LHB Edgardo Téllez 0-0: Foul Ball, location: 2F
0-1: Ground out 3-1 (Groundball, 34)
Batting: RHB Jaime Chavarriaga 0-0: Ball
1-0: Fly out, F8 (Flyball, 8RD)
Bottom of the 4th over - 0 run(s), 0 hit(s), 0 error(s), 0 left on base; Ottawa 1 - Battle Ground 1
TOP OF THE 5TH
Ottawa Nationals batting - Pitching for Battle Ground Aeros : LHP Ryan McCall
Batting: RHB Francisco Morales 0-0: Ball
1-0: Swinging Strike
1-1: Ground out 4-3 (Groundball, 4M)
Batting: RHB Noel Wells 0-0: Ball
1-0: Called Strike
1-1: Swinging Strike
1-2: Foul Ball, location: 2F
1-2: Strikes out looking
Batting: LHB Tony Ríos 0-0: Ball
1-0: Fly out, F4 (Line Drive, 34)
Top of the 5th over - 0 run(s), 0 hit(s), 0 error(s), 0 left on base; Ottawa 1 - Battle Ground 1
BOTTOM OF THE 5TH
Battle Ground Aeros batting - Pitching for Ottawa Nationals : RHP Aurélien Godet
Batting: LHB Jim Unknown 0-0: Ball
1-0: Foul Ball, location: 2F
1-1: Swinging Strike
1-2: Foul Ball, location: 2F
1-2: TRIPLE (Flyball, 8RM)
Batting: RHB Jim Unknown 0-0: Ball
1-0: SINGLE (Groundball, 5D)
Jim Unknown scores
Batting: RHB Daniel Cooper 0-0: Reached on error, E1 (Groundball, 13S)
Jim Unknown to second
Batting: RHB Jim Unknown 0-0: Foul Ball, location: 2F
0-1: Bunt missed!
0-2: Grounds into double play, 5-4-3 (Groundball, 56)
Jim Unknown to third
Batting: SHB Shawn Sánchez 0-0: Ball
1-0: Foul Ball, location: 2F
1-1: Swinging Strike
1-2: Ball
2-2: Foul Ball, location: 2F
2-2: Foul Ball, location: 2F
2-2: Foul Ball, location: 2F
2-2: Foul Ball, location: 2F
2-2: SINGLE (Flyball, 8RS)
Jim Unknown scores
Batting: RHB Stephen Johnson 0-0: Ball
1-0: Ball
2-0: SINGLE (Groundball, 6)
Shawn Sánchez to second
Batting: LHB Jim Unknown 0-0: Ball
1-0: Foul Ball, location: 2F
1-1: SINGLE (Groundball, 34D)
Shawn Sánchez to third
Stephen Johnson to second
Runner from 3rd tries for Home, throw and OUT!
Bottom of the 5th over - 2 run(s), 5 hit(s), 1 error(s), 2 left on base; Ottawa 1 - Battle Ground 3
TOP OF THE 6TH
Ottawa Nationals batting - Pitching for Battle Ground Aeros : LHP Ryan McCall
Batting: RHB Rodrigo Pagán 0-0: Ball
1-0: SINGLE (Groundball, 56D)
Batting: LHB Jerry Burnett 0-0: Called Strike
0-1: Ball
1-1: Swinging Strike
1-2: Strikes out swinging
Batting: RHB José Icaza 0-0: Ball
Rodrigo Pagán is caught stealing 2nd base
1-0: Ball
2-0: Called Strike
2-1: Foul Ball, location: 2F
2-2: Foul Ball, location: 2F
2-2: Strikes out swinging
Top of the 6th over - 0 run(s), 1 hit(s), 0 error(s), 0 left on base; Ottawa 1 - Battle Ground 3
BOTTOM OF THE 6TH
Battle Ground Aeros batting - Pitching for Ottawa Nationals : RHP Aurélien Godet
Batting: LHB Edgardo Téllez 0-0: Fly out, F6 (Line Drive, 6M)
Batting: RHB Jaime Chavarriaga 0-0: Ball
1-0: Fly out, F7 (Flyball, 7M)
Batting: LHB Jim Unknown 0-0: Ball
1-0: SINGLE (Line Drive, 9S)
Batting: RHB Jim Unknown 0-0: Ball
Jim Unknown steals 2nd base
1-0: Ball
Jim Unknown steals 3rd base
2-0: Ball
3-0: Base on Balls
Batting: RHB Daniel Cooper 0-0: Foul Ball, location: 2F
0-1: Reached on error, E6 (Groundball, 56)
Jim Unknown scores
Jim Unknown to third
Batting: RHB Jim Unknown 0-0: Ball
1-0: Called Strike
1-1: Ground out 5-3 (Groundball, 56)
Bottom of the 6th over - 1 run(s), 1 hit(s), 1 error(s), 2 left on base; Ottawa 1 - Battle Ground 4
TOP OF THE 7TH
Ottawa Nationals batting - Pitching for Battle Ground Aeros : LHP Ryan McCall
Batting: RHB Luke Turner 0-0: Called Strike
0-1: Called Strike
0-2: Ball
1-2: Foul Ball, location: 2F
1-2: Fly out, F8 (Flyball, 8RM)
Batting: RHB Dan Curtis 0-0: Swinging Strike
0-1: SINGLE (Line Drive, 78S)
Batting: LHB Javier Hernández 0-0: Grounds into double play, 1-6-3 (Groundball, 15S)
Top of the 7th over - 0 run(s), 1 hit(s), 0 error(s), 0 left on base; Ottawa 1 - Battle Ground 4
BOTTOM OF THE 7TH
Battle Ground Aeros batting - Pitching for Ottawa Nationals : RHP Aurélien Godet
Batting: SHB Shawn Sánchez 0-0: Ball
1-0: Ball
2-0: Ball
3-0: Base on Balls
Batting: RHB Stephen Johnson 0-0: Sac Bunt - play at first, batter OUT! 1-3
Shawn Sánchez to second
Batting: LHB Jim Unknown 0-0: Ball
1-0: Ground out 5-3 (Groundball, 5S)
Shawn Sánchez to third
Batting: LHB Edgardo Téllez 0-0: Ball
1-0: Foul Ball, location: 2F
1-1: Foul Ball, location: 2F
1-2: Foul Ball, location: 2F
1-2: Fly out, F6 (Popup, 6MD)
Bottom of the 7th over - 0 run(s), 0 hit(s), 0 error(s), 1 left on base; Ottawa 1 - Battle Ground 4
TOP OF THE 8TH
Ottawa Nationals batting - Pitching for Battle Ground Aeros : LHP Ryan McCall
Batting: RHB Francisco Morales 0-0: Ball
1-0: Ball
2-0: Foul Ball, location: 2F
2-1: Foul Ball, location: 2F
2-2: Ball
3-2: Foul Ball, location: 2F
3-2: SINGLE (Groundball, 56D) (infield hit)
Batting: RHB Noel Wells 0-0: Ball
1-0: Ground out 5-3 (Groundball, 56S)
Francisco Morales to second
Batting: LHB Tony Ríos 0-0: Called Strike
0-1: Called Strike
0-2: Foul Ball, location: 2F
0-2: Fly out, F9 (Flyball, 89M)
Batting: RHB Rodrigo Pagán 0-0: Foul Ball, location: 2F
0-1: Ball
1-1: Called Strike
1-2: Foul Ball, location: 2F
1-2: Foul Ball, location: 2F
1-2: Ball
2-2: Strikes out looking
Top of the 8th over - 0 run(s), 1 hit(s), 0 error(s), 1 left on base; Ottawa 1 - Battle Ground 4
BOTTOM OF THE 8TH
Battle Ground Aeros batting - Pitching for Ottawa Nationals : RHP Aurélien Godet
Batting: RHB Jaime Chavarriaga 0-0: SINGLE (Groundball, 56D)
Batting: LHB Jim Unknown 0-0: Called Strike
0-1: Ball
1-1: Ball
2-1: Sac Bunt - play at second, runner safe!
Pitching: RHP John Ashley
Batting: RHB Jim Unknown 0-0: SINGLE (Flyball, 8RM)
Jaime Chavarriaga to third
Jim Unknown to second
Batting: RHB Daniel Cooper 0-0: Swinging Strike
0-1: Ball
1-1: SINGLE (Groundball, 4MD) (infield hit)
Jaime Chavarriaga scores
Jim Unknown to third
Jim Unknown to second
Batting: RHB Jim Unknown 0-0: Called Strike
0-1: Swinging Strike
0-2: Foul Ball, location: 2F
0-2: Strikes out swinging
Batting: SHB Shawn Sánchez 0-0: Ball
1-0: Ball
2-0: Fly out, F8 (Flyball, 8RM)
Runner from 3rd tags up, SCORES, no throw
Batting: RHB Stephen Johnson 0-0: Ball
1-0: Fly out, F7 (Flyball, 7S)
Bottom of the 8th over - 2 run(s), 3 hit(s), 0 error(s), 2 left on base; Ottawa 1 - Battle Ground 6
TOP OF THE 9TH
Ottawa Nationals batting - Pitching for Battle Ground Aeros : LHP Ryan McCall
Batting: LHB Jerry Burnett 0-0: Ball
1-0: Ball
2-0: Called Strike
2-1: Reached on Error, E7 (Flyball, 78M)
Pitching: RHP Lanny Larson
Batting: RHB José Icaza 0-0: Ball
1-0: Swinging Strike
1-1: Swinging Strike
1-2: Foul Ball, location: 2F
1-2: Foul Ball, location: 2F
1-2: Strikes out looking
Batting: RHB Luke Turner 0-0: Ball
1-0: Ball
2-0: Foul Ball, location: 2F
2-1: Ball
3-1: Foul Ball, location: 2F
3-2: Foul Ball, location: 2F
3-2: Foul Ball, location: 2F
3-2: Foul Ball, location: 2F
3-2: Foul Ball, location: 2F
3-2: Base on Balls
Jerry Burnett to second
Batting: RHB Dan Curtis 0-0: Called Strike
0-1: Reached on error, E5 (Groundball, 56)
Jerry Burnett to third
Luke Turner to second
Pitching: RHP Drake Riley
Batting: LHB Javier Hernández 0-0: Called Strike
0-1: Ball
1-1: Ball
2-1: Ground out 4-3 (Groundball, 13)
Jerry Burnett scores
Luke Turner to third
Dan Curtis to second
Batting: RHB Francisco Morales 0-0: Ball
1-0: Ball
2-0: Called Strike
2-1: Foul Ball, location: 2F
2-2: Foul Ball, location: 2F
2-2: Foul Ball, location: 2F
2-2: Ball
3-2: Ground out 6-3 (Groundball, 6M)
Top of the 9th over - 1 run(s), 0 hit(s), 2 error(s), 2 left on base; Ottawa 2 - Battle Ground 6
This league is powered by Out of the Park Baseball, the baseball management simulation game for PC, Mac and Linux
Friday, April 15th, 2016 - OOTP Baseball 16.9 Build 39